 Dungeon Crawl Stone Soup version 0.27-a0-91-g4f573a835d (webtiles) character file.

Game seed: 735094895978556507

3943 KristoblXynda the Carver (level 10, 0/88 HPs)
             Began as a Black Draconian Gladiator on Jan 15, 2021.
             Was a Follower of Ashenzari.
             Slain by a centaur warrior
             ... wielding a +0 halberd
              (12 damage)
             ... on level 8 of the Dungeon.
             The game lasted 00:14:50 (10928 turns).

KristoblXynda the Carver (DrGl)                    Turns: 10928, Time: 00:14:50

Health: 0/88       AC: 11    Str: 16    XL:     10   Next: 1%
Magic:  10/10      EV: 16    Int: 12    God:    Ashenzari [*.....]
Gold:   240        SH:  6    Dex: 13    Spells: 9/9 levels left

rFire    . . .     SeeInvis .   a - +0 long sword
rCold    . . .     Faith    .   n - +1 buckler {AC+3} (curse)
rNeg     . . .     Spirit   .   (armour unavailable)
rPois    .         Reflect  .   b - +0 hat
rElec    +         Harm     .   v - scarf {repulsion} (curse)
rCorr    .         Rampage  .   (no gloves)
Will     .....                  w - +0 pair of boots
Stlth    +.........             (no amulet)
HPRegen  0.24/turn              (no ring)
MPRegen  0.12/turn              (no ring)

@: repel missiles
A: breathe lightning, unfitting armour, electricity resistance, cold-blooded, AC
+7
a: Breathe Lightning, Renounce Religion, Curse Item, Scrying


You were on level 8 of the Dungeon.
You worshipped Ashenzari.
Ashenzari was aware of your devotion.
You visited 2 branches of the dungeon, and saw 9 of its levels.

You collected 544 gold pieces.
You spent 304 gold pieces at shops.

Inventory:

Hand Weapons
 a - a +0 long sword (weapon)
Missiles
 c - 3 throwing nets (quivered)
Armour
 b - a +0 hat (worn)
 n - a cursed +1 buckler of protection (worn)
 v - a cursed scarf of repulsion (worn)
 w - a +0 pair of boots (worn)
Wands
 r - a wand of digging (2)
Scrolls
 e - 2 scrolls of immolation
 f - 2 scrolls of teleportation
 i - 2 scrolls of remove curse
 k - a scroll of enchant weapon {unknown}
 l - a scroll of noise
 p - 4 scrolls of amnesia
 q - 2 scrolls of magic mapping
 t - 2 scrolls of enchant armour {unknown}
 u - 2 scrolls of fear {unknown}
 y - a scroll of identify
Potions
 d - 2 potions of resistance
 g - 2 potions of haste
 h - a potion of attraction
 j - a potion of brilliance {unknown}
 m - 2 potions of curing
 o - 2 potions of cancellation
 s - a potion of flight {unknown}
 x - 2 potions of magic {unknown}
 z - a potion of invisibility {unknown}


   Skills:
 + Level 7.8 Fighting
 + Level 10.1 Long Blades
 - Level 2.0 Throwing
 + Level 6.9 Dodging
 - Level 4.1 Shields
 + Level 0.9 Evocations


You had 9 spell levels left.
You didn't know any spells.
Your spell library contained the following spells:

 Spells                   Type           Power        Failure   Level
 Foxfire                  Conj/Fire      0%           32%         1
 Conjure Flame            Conj/Fire      0%           69%         3
 Inner Flame              Hex/Fire       0%           69%         3
 Sticky Flame             Conj/Fire      0%           97%         4
 Fireball                 Conj/Fire      0%           100%        5


Dungeon Overview and Level Annotations

Branches:
Dungeon (8/15)             Temple (1/1) D:4
   Lair: D:8-11

Altars:
Ashenzari
Cheibriados
Dithmenos
Elyvilon
Fedhas
Gozag
Hepliaklqana
Kikubaaqudgha
Makhleb
Nemelex Xobeh
Okawaru
Qazlal
Ru
Sif Muna
Trog
Uskayaw
Vehumet
Wu Jian
Yredelemnul
The Shining One

Shops:
D:4 :*=?[   D:5 *

Annotations:
D:6 2 transporters


Innate Abilities, Weirdness & Mutations

You can breathe wild blasts of lightning.
Your glossy black scales are hard. (AC +7)
You cannot fit into any form of body armour.
You are resistant to electric shocks. (rElec)
You are cold-blooded and may be slowed by cold attacks.


Message History

You hit the centaur warrior but do no damage.
The centaur warrior is lightly wounded.
You hit the centaur warrior.
The centaur warrior is lightly wounded.
The centaur warrior hits you but does no damage.
You barely miss the centaur warrior.
The centaur warrior is lightly wounded.
You block the centaur warrior's attack.
You barely miss the centaur warrior.
The centaur warrior is lightly wounded.
The centaur warrior hits you with a +0 halberd!
You hit the centaur warrior.
The centaur warrior is lightly wounded.
The centaur warrior barely misses you.
The centaur warrior hits you with a +0 halberd!
* * * LOW HITPOINT WARNING * * *
You hit the centaur warrior but do no damage.
The centaur warrior is lightly wounded.
The centaur warrior hits you with a +0 halberd!
You die...

###.#### .####
##.##### ##+#...
#......# #.....#
#......# #.....#
#####..# #..########
#'#########..##.<...#
#h...........(......#
#...........((......#
#..........@.########
#.........[c.##
#...............
###.###..###'##...
### #<.# ..# ...
#.o...)+ >.. ..
.........# ... .
.#.......# .##
#.......#


You could see a centaur warrior.

Vanquished Creatures
  A two-headed ogre (D:8)
  Grinder (D:5)
  Grum (D:8)
  Duvessa (D:7)
  An ice beast (D:5)
  2 orc warriors
  A black bear (D:8)
  A phantom (D:4)
  3 ogres
  2 wolves (D:8)
  6 centaurs
  4 bullfrogs
  A wyvern zombie (D:7)
  Dowan (D:7)
  2 scorpions
  A howler monkey (D:5)
  4 electric eels (D:7)
  A bullfrog zombie (D:2)
  A hound (D:5)
  2 centaur zombies
  An orc priest (D:7)
  A jelly (D:7)
  An orc wizard (D:4)
  2 bullfrog skeletons
  3 centaur skeletons
  3 iguanas
  Natasha (thrice) (D:3)
  5 worker ants
  2 killer bee zombies
  10 adders
  A shadow imp (D:7)
  2 white imps
  3 ufetubi
  2 adder zombies (D:5)
  An adder skeleton (D:7)
  5 worms
  3 dart slugs
  6 leopard geckos
  14 orcs
  3 giant cockroaches
  2 goblins
  5 hobgoblins
  14 jackals
  3 quokkas
  2 ball pythons
  8 bats
  5 frilled lizards
  A jackal zombie (D:6)
  5 kobolds
  A quokka skeleton (D:8)
  3 rats (D:2)
157 creatures vanquished.

Vanquished Creatures (others)
  26 plants (D:7)
26 creatures vanquished.

Grand Total: 183 creatures vanquished

Notes
Turn   | Place    | Note
-------+----------+-------------------------------------------
     0 | D:1      | KristoblXynda the Draconian Gladiator began the quest for
                  | the Orb.
     0 | D:1      | Reached XP level 1. HP: 17/17 MP: 1/1
   377 | D:1      | Reached XP level 2. HP: 22/25 MP: 2/2
   870 | D:2      | Reached XP level 3. HP: 26/30 MP: 3/3
   993 | D:2      | Found a faded altar of an unknown god.
  1532 | D:2      | Reached skill level 4 in Long Blades
  1532 | D:2      | Reached XP level 4. HP: 34/38 MP: 4/4
  1870 | D:3      | Found a hazy altar of Hepliaklqana.
  2197 | D:3      | Noticed Natasha
  2220 | D:3      | Killed Natasha
  2289 | D:3      | Reached XP level 5. HP: 45/45 MP: 5/5
  2348 | D:3      | Noticed Natasha
  2366 | D:3      | Killed Natasha
  2508 | D:3      | Noticed Natasha
  2515 | D:3      | Killed Natasha
  2909 | D:4      | Found Joawippy's Jewellery Boutique.
  2910 | D:4      | Found Laygy's Assorted Antiques.
  3304 | D:4      | HP: 2/46 [orc wizard/+0 dagger (6)]
  3309 | D:4      | Reached skill level 5 in Long Blades
  3521 | D:4      | Bought a runed buckler for 150 gold pieces
  3640 | D:4      | Found Icwirruq's Magic Scroll Boutique.
  3650 | D:4      | Bought a scroll of identify for 22 gold pieces
  3707 | D:4      | Reached XP level 6. HP: 40/52 MP: 6/6
  4200 | D:4      | Found a staircase to the Ecumenical Temple.
  4227 | D:4      | Reached skill level 1 in Shields
  4236 | Temple   | Entered the Ecumenical Temple
  4435 | Temple   | Became a worshipper of Ashenzari the Shackled
  4603 | D:4      | Found Pigam's Armour Boutique.
  4606 | D:4      | Bought a scarf of repulsion for 132 gold pieces
  4777 | D:4      | Found Keynoi's Book Emporium.
  5049 | D:5      | Entered Level 5 of the Dungeon
  5119 | D:5      | Your scales start taking on a glossy black colour.
  5119 | D:5      | Reached XP level 7. HP: 54/60 MP: 7/7
  5119 | D:5      | Gained mutation: You are resistant to electric shocks.
                  | (rElec) [Black Draconian growth]
  5150 | D:5      | Reached skill level 6 in Long Blades
  5299 | D:5      | Found an opulent altar of Gozag.
  5299 | D:5      | Found Gozag's Platinum Reserve.
  5334 | D:5      | Noticed Grinder
  5336 | D:5      | Paralysed by Grinder for 2 turns
  5356 | D:5      | Killed Grinder
  5357 | D:5      | Reached skill level 5 in Fighting
  5455 | D:5      | Reached XP level 8. HP: 35/68 MP: 8/8
  5458 | D:5      | HP: 3/68 [ice beast (12)]
  5462 | D:5      | Reached skill level 7 in Long Blades
  6331 | D:6      | Reached * piety under Ashenzari
  6365 | D:6      | Reached skill level 5 in Dodging
  6411 | D:6      | Found a transporter.
  6525 | D:6      | Found a transporter.
  7616 | D:7      | Reached skill level 8 in Long Blades
  8300 | D:7      | Reached XP level 9. HP: 70/75 MP: 9/9
  9404 | D:7      | Noticed Dowan
  9405 | D:7      | Noticed Duvessa
  9429 | D:7      | Killed Duvessa
  9434 | D:7      | Killed Dowan
  9494 | D:7      | Reached skill level 9 in Long Blades
  9758 | D:8      | Noticed Grum
  9759 | D:8      | Noticed a two-headed ogre
  9788 | D:7      | HP: 2/79 [bounced beam (8)]
 10128 | D:8      | Killed a two-headed ogre
 10395 | D:8      | Killed Grum
 10396 | D:8      | Reached skill level 10 in Long Blades
 10888 | D:8      | Reached XP level 10. HP: 88/88 MP: 10/10
 10916 | D:8      | Noticed a centaur warrior
 10928 | D:8      | Slain by a centaur warrior

Illustrated notes

Levels and vault maps discovered:
D:1:      amcnicky_arrival_double_pillar, layout_basic, hangedman_decor_riveting
D:2:      layout_loops_ring, chequers_ecumenical_altar_simple, nrook_mini_vaults
D:3:      layout_loops_ring, marbit_many_paths, uniq_natasha
D:4:      layout_layer_cave, minmay_temple_entry_grid, serial_shops,
          nicolae_shop_behind_doors, shop, shop, shop, shop
D:5:      layout_cave_pools, nicolae_gozag_zags_fifth_avenue,
          roderic_cross_of_infinity, uniq_grinder
D:6:      gammafunk_cloud_chamber, layout_cave_pools, centaur_isle
D:7:      minmay_razor_zed, layout_basic, serial_bayou, serial_bayou_ford_a,
          serial_bayou_lagoon_a, serial_bayou_pond_d, serial_bayou_crossing,
          uniq_duvessa
D:8:      minmay_the_grid_triangle_9x9_rhombus_thin
          [minmay_the_grid_triangle_9x9_stretched_checkered,
          minmay_the_grid_triangle_9x9_prize_schism,
          minmay_the_grid_triangle_9x9_semitri,
          minmay_the_grid_triangle_9x9_pentomino_pain], layout_gridville,
          uniq_grum
Temple:   dpeg_five_rooms_temple

Skill      XL: |  1  2  3  4  5  6  7  8  9 |
---------------+----------------------------+-----
Throwing       | 2 |  2.0
Dodging        | 3 4 5 6 |  6.9
Fighting       | 3 4 5 6 7 |  7.8
Long Blades    | 4 5 6 8 10 | 10.1
Shields        | 1 2 4 |  4.1
Evocations     | |  0.9

Action                   |  1- 3 |  4- 6 |  7- 9 | 10-12 || total
-------------------------+-------+-------+-------+-------++-------
Melee: Long sword        |    83 |   204 |   356 |     7 ||   650
       Tailslap          |    10 |    33 |    52 |       ||    95
Invok: Curse Item        |       |     2 |       |       ||     2
 Abil: Breathe Lightning |       |       |     8 |       ||     8
Evoke: Wand              |       |       |     6 |       ||     6
  Use: Scroll            |       |     7 |     6 |       ||    13
       Potion            |       |     3 |     3 |       ||     6
 Stab: Sleeping          |     2 |     1 |     2 |       ||     5
Armor: Skin              |    29 |    60 |   113 |     1 ||   203
Dodge: Dodged            |    68 |   162 |   318 |     4 ||   552
       Repelled          |       |       |     2 |       ||     2
Block: Buckler           |       |    22 |   129 |     2 ||   153
       Rpst.: Long sword |    22 |    52 |    63 |     1 ||   138

Table legend: (Time is in decaauts)
 A = Elapsed time spent in this place.
 B = Non-inter-level travel time spent in this place.
 C = Inter-level travel time spent in this place.
 D = Time resting spent in this place.
 E = Time spent auto-exploring this place.
 F = Levels seen in this place.
 G = Mean time per level.
                   A        B        C        D        E       F      G
               +--------+--------+--------+--------+--------+-----+--------+
         Total |  11025 |  10809 |    216 |   3784 |   5276 |   9 | 1225.0 |
       Dungeon |  10745 |  10577 |    168 |   3784 |   5050 |   8 | 1343.1 |
        Temple |    279 |    231 |     48 |      0 |    226 |   1 |  279.0 |
               +--------+--------+--------+--------+--------+-----+--------+

Top non-repeatable levels by time:
     D:7: 3343 daAuts
     D:4: 1543 daAuts
     D:3: 1435 daAuts
     D:5: 1271 daAuts
     D:2: 1158 daAuts
     D:6: 1129 daAuts
     D:1: 689 daAuts
  Temple: 279 daAuts
     D:8: 173 daAuts
